 Dungeon Crawl Stone Soup version 0.32-a0-665-g3d30ec2550 (webtiles) character file.

Game seed: 17230034502464444605

256 shadizar the Digger (level 6, -2/35 HPs)
             Began as a Gargoyle Earth Elementalist on Mar 9, 2024.
             Slain by Terence
             ... wielding a +0 trident
              (7 damage)
             ... on level 3 of the Dungeon.
             The game lasted 00:04:46 (1815 turns).

shadizar the Digger (Gargoyle Earth Elementalist)   Turns: 1815, Time: 00:04:47

Health: -2/35      AC:  6    Str: 12    XL:     6   Next: 15%
Magic:  3/11       EV: 11    Int: 17    God:
Gold:   124        SH:  0    Dex: 10    Spells: 7/11 levels left

rFire   . . .        c - staff of earth
rCold   . . .        (no shield)
rNeg    + . .        a - +0 robe
rPois   ∞            (no helmet)
rElec   +            (no cloak)
rCorr   .            (no gloves)
SInv    .            (no boots)
Will    .....        (no amulet)
Stlth   ++           (no ring)
HPRegen 0.25/turn    (no ring)
MPRegen 0.12/turn

%: no passive effects
@: no status effects
A: sickness immunity, AC +4, negative energy resistance 1, electricity
resistance, torment resistance 1, petrification resistance
a: no special abilities


You were on level 3 of the Dungeon.
You visited 1 branch of the dungeon, and saw 3 of its levels.

You collected 124 gold pieces.

Inventory:

Missiles
 f - 41 stones
Armour
 a - a +0 robe (worn)
 h - a +0 kite shield
Magical Staves
 c - a staff of earth (weapon)
 p - a staff of air
Wands
 n - a wand of polymorph (1)
Scrolls
 i - 2 scrolls of identify {unknown}
 k - a scroll of noise {unknown}
 m - a scroll of enchant armour {unknown}
 o - a scroll of poison {unknown}
Potions
 d - 2 potions of curing {unknown}
 e - 2 potions of heal wounds {unknown}
 g - a potion of enlightenment {unknown}
 j - a potion of haste {unknown}
 l - a potion of invisibility {unknown}


   Skills:
 + Level 1.8 Fighting
 - Level 1.5 Dodging
 - Level 2.1 Stealth
 + Level 1.8 Shields
 + Level 3.3 Spellcasting
 + Level 3.3 Conjurations
 + Level 5.1 Earth Magic


You had 7 spell levels left.
You knew the following spells:

 Your Spells              Type           Power      Damage    Failure   Level
a - Sandblast             Erth           60%        2d14      1%          1
b - Stone Arrow           Conj/Erth      50%        3d10      9%          3

Your spell library contained the following spells:

 Spells                   Type           Power      Damage    Failure   Level
 Passwall                 Erth           30%        N/A       6%          3
 Call Imp                 Summ           4%         N/A       26%         2
 Brom's Barrelling Bould  Conj/Erth      25%        2d5       30%         4
 Petrify                  Alch/Erth      17%        N/A       52%         4
 Summon Hydra             Summ           1%         N/A       100%        7
 Sublimation of Blood     Necr           Unusable   N/A       N/A         2

Dungeon Overview and Level Annotations

Branches:
Dungeon (3/15)

Altars:

Shops:
D:2 ?   D:3 :

Annotations:
D:3 Terence


Innate Abilities, Weirdness & Mutations

You are immune to sickness and miasma.
Your stone body is resilient. (AC +4)
You are immune to poison.
You resist negative energy. (rN+)
You are resistant to electric shocks. (rElec)
You are resistant to unholy torment.
You are immune to petrification.


Message History

Press: ? - help, Shift-Dir - straight line, f/p - Terence
Aim: Terence, wielding a +0 trident and wearing a +6 chain mail of ponderousness (almost dead, 88% to hit)
You feel a surge of power!
The blast of sand hits Terence but does no damage.
Terence is almost dead.
Terence misses you.
Terence shouts, "ATTACK!!!"
Terence hits you from afar with a +0 trident.
* * * LOW HITPOINT WARNING * * *
Unknown command.
Unknown command.
Unknown command.
Casting: Sandblast (safe; 1% risk of failure)
Confirm with . or Enter, or press ? or * to list all spells.
Aiming: Sandblast (safe; 1% risk of failure)
Press: ? - help, Shift-Dir - straight line, f/p - Terence
Aim: Terence, wielding a +0 trident and wearing a +6 chain mail of ponderousness (almost dead, 88% to hit)
Okay, then.
Unknown command.
Casting: Sandblast (safe; 1% risk of failure)
Confirm with . or Enter, or press ? or * to list all spells.
Aiming: Sandblast (safe; 1% risk of failure)
Press: ? - help, Shift-Dir - straight line, f/p - Terence
Aim: Terence, wielding a +0 trident and wearing a +6 chain mail of ponderousness (almost dead, 88% to hit)
You feel a surge of power!
The blast of sand misses Terence.
Terence barely misses you.
Your magical contamination has completely faded away.
Casting: Sandblast (safe; 1% risk of failure)
Confirm with . or Enter, or press ? or * to list all spells.
Aiming: Sandblast (safe; 1% risk of failure)
Press: ? - help, Shift-Dir - straight line, f/p - Terence
Aim: Terence, wielding a +0 trident and wearing a +6 chain mail of ponderousness (almost dead, 88% to hit)
You feel a surge of power!
The blast of sand hits Terence but does no damage.
Terence is almost dead.
Terence hits you from afar with a +0 trident.
* * * LOW HITPOINT WARNING * * *
Terence hits you from afar with a +0 trident!
You die...
Terence says, "Rest in peace."

... ###. .... #..
..... #.# ##
#.....##.### .#
#..<...##.#
#.....#..#.####
.....#####.......#
#..# #.......# ..
#.@.....# .
#..ß.ß..#
.@...∩...#
...#..ß.ß..#
.....#.......#
.... #?......# ...
######### ###


You could see Terence.

Vanquished Creatures
  Sigmund (D:2)
  An adder (D:2)
  4 gnolls
  5 dart slugs (D:1)
  A ribbon worm (D:2)
  4 ball pythons
  6 endoplasms
  A giant cockroach (D:2)
  7 goblins
  3 hobgoblins (D:2)
  5 kobolds
  A quokka (D:2)
  2 bats
  2 frilled lizards
  3 rats
46 creatures vanquished.

Notes
Turn   | Place    | Note
-------+----------+-------------------------------------------
     0 | D:1      | shadizar the Gargoyle Earth Elementalist began the quest
                  | for the Orb.
     0 | D:1      | Reached XP level 1. HP: 10/10 MP: 3/3
   172 | D:1      | Reached XP level 2. HP: 15/15 MP: 3/5
   243 | D:1      | Reached skill level 4 in Earth Magic
   419 | D:1      | Reached XP level 3. HP: 19/19 MP: 4/6
   685 | D:1      | Reached XP level 4. HP: 16/24 MP: 0/8
   781 | D:2      | Noticed Sigmund
   810 | D:1      | Learned a level 3 spell: Stone Arrow
  1053 | D:2      | Killed Sigmund
  1054 | D:2      | Reached skill level 1 in Fighting
  1054 | D:2      | Reached skill level 1 in Shields
  1054 | D:2      | Reached skill level 5 in Earth Magic
  1054 | D:2      | Reached XP level 5. HP: 30/30 MP: 1/9
  1054 | D:2      | Reached XP level 6. HP: 35/35 MP: 1/10
  1247 | D:2      | Found Waimaost's Magic Scroll Shoppe.
  1794 | D:3      | Found Kitsy's Book Emporium.
  1798 | D:3      | Noticed Terence
  1815 | D:3      | Slain by Terence

Illustrated notes

Levels and vault maps discovered:
D:1:      minmay_arrival_semitransparent, layout_rooms
D:2:      layout_loops_ring, serial_shops, shop, serial_aquarium,
          aquarium_bridge_square [aquarium_subvault_bridge,
          aquarium_subvault_bridge, aquarium_subvault_bridge,
          aquarium_subvault_wall], aquarium_bridge_square
          [aquarium_subvault_window, aquarium_subvault_balcony,
          aquarium_subvault_wall, aquarium_subvault_bridge], aquarium_window_1,
          aquarium_window_2, aquarium_window_fake, aquarium_view_2c,
          aquarium_view_2c, aquarium_balcony_double_1, minmay_nonomino_d4,
          uniq_sigmund
D:3:      layout_rooms, nicolae_overflow_ecumenical_swirl, serial_shops,
          nicolae_shop_tiny_statue_garden, uniq_terence

Skill      XL: |  1  2  3  4 |
---------------+-------------+-----
Earth Magic    | 4 5 |  5.1
Conjurations   | 2 3 |  3.3
Fighting       | 1 |  1.8
Shields        | 1 |  1.8
Spellcasting   | 3 |  3.3
Dodging        | |  1.5
Stealth        | |  2.1

Action                     |  1- 3 |  4- 6 || total
---------------------------+-------+-------++-------
  Melee: Staff             |     5 |       ||     5
   Cast: Sandblast         |    32 |    37 ||    69
         Stone Arrow       |       |     4 ||     4
    Use: Potion            |       |     1 ||     1
 Armour: Robe              |    13 |    11 ||    24
         Skin              |       |     2 ||     2
  Dodge: Dodged            |     5 |    13 ||    18

Table legend: (Time is in decaauts)
 A = Elapsed time spent in this place.
 B = Non-inter-level travel time spent in this place.
 C = Inter-level travel time spent in this place.
 D = Time resting spent in this place.
 E = Time spent auto-exploring this place.
 F = Levels seen in this place.
 G = Mean time per level.
                   A        B        C        D        E       F      G
               +--------+--------+--------+--------+--------+-----+--------+
         Total |   1852 |   1836 |     16 |      0 |   1355 |   3 |  617.3 |
       Dungeon |   1852 |   1836 |     16 |      0 |   1355 |   3 |  617.3 |
               +--------+--------+--------+--------+--------+-----+--------+

Top non-repeatable levels by time:
     D:2: 949 daAuts
     D:1: 875 daAuts
     D:3: 27 daAuts
